 Dungeon Crawl Stone Soup version 0.31-a0-795-g5eb97db20b (webtiles) character file.

Game seed: 15177059008682472086

245 Maratek the Trooper (level 5, -14/42 HPs)
             Began as a Demonspawn Fighter on Sept 18, 2023.
             Was a Believer of Qazlal.
             Killed from afar by Ijyb (19 damage)
             ... with a bolt of light
             ... on level 3 of the Dungeon.
             The game lasted 00:04:02 (1842 turns).

Maratek the Trooper (Demonspawn Fighter)            Turns: 1842, Time: 00:04:03

Health: -14/42     AC:  6    Str: 18    XL:     5   Next: 83%
Magic:  5/5        EV: 10    Int:  9    God:    Qazlal [**....]
Gold:   77         SH:  7    Dex: 13    Spells: 4/4 levels left

rFire   . . .        f - +4 broad axe (elec)
rCold   . . .        c - +0 buckler
rNeg    . . .        b - +0 scale mail
rPois   .            (helmet restricted)
rElec   .            (no cloak)
rCorr   .            (no gloves)
SInv    .            (no boots)
Will    .....        (no amulet) Stlth
                     (no ring)
HPRegen 0.27/turn    (no ring)
MPRegen 0.09/turn

%: no passive effects
@: no status effects
A: horns 1, demonic guardian 1, sturdy frame 1, demonic magic 1
a: Renounce Religion, Upheaval


You were on level 3 of the Dungeon.
You worshipped Qazlal.
Qazlal was pleased with you.
You visited 1 branch of the dungeon, and saw 3 of its levels.

You collected 77 gold pieces.

Inventory:

Hand Weapons
 f - a +4 broad axe of electrocution (weapon)
Armour
 b - a +0 scale mail (worn)
 c - a +0 buckler (worn)
Jewellery
 i - a ring of willpower
 o - a ring of ice
Scrolls
 n - a scroll of vulnerability
 p - a scroll of noise
Potions
 d - a potion of might
 e - a potion of heal wounds {unknown}
 g - 2 potions of enlightenment {unknown}
 j - a potion of cancellation {unknown}
 l - a potion of berserk rage {unknown}
 m - 2 potions of curing {unknown}
 r - a potion of attraction {unknown}


   Skills:
 + Level 4.0 Fighting
 + Level 4.0 Axes
 + Level 3.6 Armour
 + Level 0.5 Dodging
 + Level 0.1 Stealth
 + Level 3.1 Shields


You had 4 spell levels left.
You didn't know any spells.
Your spell library contained the following spells:

 Spells                   Type           Power      Damage    Failure   Level
 Tukima's Dance           Hex            0%         N/A       97%         3
 Dimensional Bullseye     Hex/Tloc       0%         N/A       100%        4
 Iskenderun's Mystic Bla  Conj/Tloc      0%         2d3       100%        4


Dungeon Overview and Level Annotations

Branches:
Dungeon (3/15)

Altars:
Fedhas
Qazlal

Annotations:
D:3 Ijyb


Innate Abilities, Weirdness & Mutations

You have a pair of small horns on your head.
A weak demonic guardian rushes to your aid.
Your movements are slightly less encumbered by armour. (ER -2)
Spells you cast may paralyse adjacent enemies.


Message History

You hear the crackle of electricity.
f - a +4 broad axe of electrocution (weapon)
You drop a +1 war axe.
You see here a bat corpse.
You now have 77 gold pieces (gained 14).
Ijyb the Twisted Goblin comes into view.
She is wielding a +2 vampiric dagger and carrying a wand of light.
Ijyb shouts!
Ijyb is nearby!
Ijyb is nearby!
Ijyb zaps a wand.
The bolt of light hits you!
Ijyb zaps a wand.
The bolt of light misses you. Ijyb hits you but does no damage.
You hit Ijyb. Lightning courses through Ijyb!
Ijyb is heavily wounded.
You feel your willpower return.
Ijyb hits you with a +2 vampiric dagger.
Ijyb draws strength from your wounds! You block Ijyb's attack.
You hit Ijyb but do no damage.
Ijyb is heavily wounded.
Ijyb zaps a wand.
The bolt of light hits you!!
You are confused.
Ouch! That really hurt!
* * * LOW HITPOINT WARNING * * *
A demonic guardian appears!
The bolt of light misses your iron imp.
You are too injured to fight recklessly!
You are too injured to fight recklessly!
You are too injured to fight recklessly!
You are too injured to fight recklessly!
You bump into the rock wall.
Ijyb screams, "Die!"
Ijyb barely misses you.
You bump into the rock wall.
You feel less confused.
Ijyb hits you with a +2 vampiric dagger.
* * * LOW HITPOINT WARNING * * *
Ijyb draws strength from your wounds!
You closely miss Ijyb. Your headbutt misses Ijyb.
Ijyb is moderately wounded.
Ijyb closely misses you.
Ijyb zaps a wand.
The bolt of light hits you!!
You die...

####.........#***,,,*,***,***,*,,
#####.......## **,**,* *,* *,**,
######.....## ****,* *,* *,,**
#######...## *,* *,* **,**
######*#+#* *,* *,****,** ######
#.# *,* *,>,,,,,, ..#### #.# *,*
******,** ..######.############,*
**,,,* ..#####...##...5@g..#,*
*,*,,, ...###.....#.######.#,*
**,*,* ................# *,*,*
**,** ..######.###.##.#**,*,* ***
..# #.# #.#*,..,,,,* ### #.#
#.#***##,*** #.# #.#*****,*
****#.#*#..,,,,,,*
*,,,,..,###*******


You could see Ijyb (ally target) and a friendly iron imp (summoned).

Vanquished Creatures
  Jessica (D:2)
  Natasha (thrice) (D:2)
  Robin (D:2)
  3 adders (D:2)
  3 gnolls (D:3)
  5 worms (D:2)
  4 dart slugs
  2 endoplasms
  A giant cockroach (D:1)
  12 goblins
  6 hobgoblins
  2 jackals (D:1)
  2 kobolds (D:2)
  2 quokkas
  4 ball pythons
  3 bats
  4 frilled lizards
  6 rats
64 creatures vanquished.

Notes
Turn   | Place    | Note
-------+----------+-------------------------------------------
     0 | D:1      | Maratek the Demonspawn Fighter began the quest for the Orb.
     0 | D:1      | Reached XP level 1. HP: 18/18 MP: 1/1
   179 | D:1      | Gained mutation: Your movements are slightly less
                  | encumbered by armour. (ER -2) [demonic ancestry]
   179 | D:1      | Reached XP level 2. HP: 24/24 MP: 2/2
   248 | D:1      | Found a faded altar of an unknown god.
   322 | D:1      | Prayed at the altar of an unknown god.
   322 | D:1      | Became a worshipper of Qazlal Stormbringer
   322 | D:1      | Reached * piety under Qazlal
   713 | D:2      | Gained mutation: A weak demonic guardian rushes to your
                  | aid. [demonic ancestry]
   713 | D:2      | Reached XP level 3. HP: 29/29 MP: 3/3
   734 | D:2      | Noticed Natasha
   741 | D:2      | Killed Natasha
   857 | D:2      | Gained mutation: You have a pair of small horns on your
                  | head. [demonic ancestry]
   857 | D:2      | Reached XP level 4. HP: 25/36 MP: 4/4
  1030 | D:2      | Noticed Robin
  1050 | D:2      | Reached ** piety under Qazlal
  1068 | D:2      | Killed Robin
  1326 | D:2      | Found a blossoming altar of Fedhas.
  1426 | D:2      | Noticed Jessica
  1430 | D:2      | Killed Jessica
  1431 | D:2      | Gained mutation: Spells you cast may paralyse adjacent
                  | enemies. [demonic ancestry]
  1431 | D:2      | Reached XP level 5. HP: 27/42 MP: 5/5
  1514 | D:2      | Noticed Natasha
  1522 | D:2      | Killed Natasha
  1692 | D:2      | Noticed Natasha
  1700 | D:2      | Killed Natasha
  1809 | D:3      | Identified a scroll of acquirement
  1809 | D:3      | Acquired a +4 broad axe of electrocution
  1833 | D:3      | Noticed Ijyb
  1842 | D:3      | Killed from afar by Ijyb

Illustrated notes

Levels and vault maps discovered:
D:1:      lightli_arrival_windingriver, layout_loops_ring,
          dreamdust_ecumenical_altar_grove
D:2:      layout_basic, basic_altar, st_stairs_9, grunt_ministairs_7,
          hangedman_abyss_or_decor_lesser_grid, uniq_natasha, uniq_jessica,
          uniq_robin
D:3:      layout_loops_corners, small_statue_intersection, uniq_ijyb

Skill      XL: |  1  2  3  4  5 |
---------------+----------------+-----
Armour         | 3 |  3.6
Axes           | 2 3 4 |  4.0
Shields        | 3 |  3.1
Fighting       | 4 |  4.0
Dodging        | |  0.5
Stealth        | |  0.1

Action                     |  1- 3 |  4- 6 || total
---------------------------+-------+-------++-------
  Melee: War axe           |    73 |   102 ||   175
         Headbutt          |       |    23 ||    23
         Broad axe         |       |     3 ||     3
    Use: Scroll            |       |     5 ||     5
 Armour: Scale mail        |    52 |    61 ||   113
  Dodge: Dodged            |    25 |    31 ||    56
  Block: Buckler           |    27 |    28 ||    55

Table legend: (Time is in decaauts)
 A = Elapsed time spent in this place.
 B = Non-inter-level travel time spent in this place.
 C = Inter-level travel time spent in this place.
 D = Time resting spent in this place.
 E = Time spent auto-exploring this place.
 F = Levels seen in this place.
 G = Mean time per level.
                   A        B        C        D        E       F      G
               +--------+--------+--------+--------+--------+-----+--------+
         Total |   1946 |   1874 |     72 |      0 |   1445 |   3 |  648.7 |
       Dungeon |   1946 |   1874 |     72 |      0 |   1445 |   3 |  648.7 |
               +--------+--------+--------+--------+--------+-----+--------+

Top non-repeatable levels by time:
     D:2: 1132 daAuts
     D:1: 724 daAuts
     D:3: 89 daAuts
